 Dungeon Sprint DCSS version 0.21.0-24-g2553a33 (webtiles) character file.

57347863 letownia2 the Heavyweight Champion (level 20, 265/265 HPs)
             Began as a Troll Wizard on Jan 20, 2018.
             Was an Initiate of Gozag.
             Escaped with the Orb
             ... and 10 runes!
             The game lasted 01:20:30 (11045 turns).

letownia2 the Heavyweight Champion (Troll Wizard)  Turns: 11045, Time: 01:20:30

Health: 265/265    AC: 22    Str: 27    XL:     20   Next: 16%
Magic:  33/34      EV: 16    Int: 21    God:    Gozag
Gold:   6380       SH: 32    Dex:  8    Spells: 6/59 levels left

rFire    + . .     SeeInvis .     - Unarmed
rCold    . . .     Gourm    +   v - +8 large shield {reflect}
rNeg     + . .     Faith    .   f - quicksilver dragon scales of the Thoughtful Wishes {rElec MR+}
rPois    .         Spirit   +   I - +2 hat of the Bear Spirit {Spirit, +Rage rN+ MR++}
rElec    +         Reflect  +   Y - scarf {cloud immunity}
rCorr    .         Harm     .   (gloves unavailable)
MR       ++++.     NoTele   +   (boots unavailable)
Stlth    +.........             g - amulet "Biut" {Reflect +Fly rElec SH+3 Stlth+}
HPRegen  0.94/turn              e - ring of the Invisible Hand {Wiz Str+2 Int+2}
MPRegen  0.24/turn              i - ring of protection from fire

@: silence, gold aura
A: large, unfitting armour, claws 3, blurry vision 1, clever 1, fast metabolism
3, gourmand, low mp 2, sense surroundings 1, regeneration 1, robust 1, shaggy
fur 2, strong 1, tough skin 2, evolution 1, MP-powered wands
0: Orb of Zot
}: 10/10 runes: serpentine, barnacled, slimy, silver, golden, iron, obsidian,
icy, bone, demonic
a: Renounce Religion, Evoke Berserk Rage, Evoke Flight


You escaped.
You worshipped Gozag.
Gozag was greatly pleased with you.
You were not hungry.

You visited 1 branch You collected 42387 gold pieces.
You spent 7234 gold pieces at shops.
You paid 28773 gold pieces to Gozag.

Inventory:

Hand Weapons
 c - a +0 blowgun
 t - the +4 staff of Dispater
   (You took it off Dispater in the Dungeon)
Missiles
 u - 6 throwing nets (quivered)
 w - 9 curare-tipped needles
Armour
 f - the quicksilver dragon scales of the Thoughtful Wishes (worn) {rElec MR+}
   (You bought it in a shop in the Dungeon)

   It insulates you from electricity.
   It affects your resistance to hostile enchantments.
 m - a +2 cloak of magic resistance
 v - a +8 large shield of reflection (worn)
 H - the +4 dragonskin cloak
   (You took it off Tiamat in the Dungeon)
 I - the +2 hat of the Bear Spirit (worn) {Spirit, +Rage rN+ MR++}
   (You found it in the Dungeon)

   It protects you from negative energy.
   It affects your resistance to hostile enchantments.
   It lets you go berserk.
 L - +2 ice dragon scales
 Y - a scarf of cloud immunity (worn)
Magical Staves
 b - an uncursed staff of energy
Jewellery
 e - the ring of the Invisible Hand (left claw) {Wiz Str+2 Int+2}
   (You found it in the Dungeon)

   [ring of wizardry]

   It improves your spell success rate.
   It affects your strength (+2).
   It affects your intelligence (+2).
 g - the amulet "Biut" (around neck) {Reflect +Fly rElec SH+3 Stlth+}
   (You found it in the Dungeon)

   [amulet of reflection]

   It shields you and reflects attacks.
   It insulates you from electricity.
   It lets you fly.
   It affects your SH (+3).
   It makes you more stealthy.
 i - a ring of protection from fire (right claw)
 D - the ring of Teit {MR++ EV+4 Str-5 Stlth+}
   (You acquired it in the Dungeon)

   [ring of evasion]

   It affects your evasion (+4).
   It affects your strength (-5).
   It affects your resistance to hostile enchantments.
   It makes you more stealthy.
 E - the ring "Olummena" {EV+1 Int+4}
   (You found it in the Dungeon)

   [ring of evasion]

   It affects your evasion (+1).
   It affects your intelligence (+4).
 F - an uncursed ring of flight
 G - an uncursed ring of protection from magic
 M - the ring "Mac Gub" {rC+ Stlth-}
   (You found it in the Dungeon)

   [ring of loudness]

   It protects you from cold.
   It makes you less stealthy.
 P - the ring "Dirreis" {rN+ MR+ SInv}
   (You found it in the Dungeon)

   [ring of positive energy]

   It protects you from negative energy.
   It affects your resistance to hostile enchantments.
   It lets you see invisible.
 Q - an uncursed ring of protection from fire
 R - the ring of Qepyilot {Fire +Inv rElec rN+ Str+2}
   (You took it off a vault guard in the Dungeon)

   [ring of fire]

   It enhances your fire magic.
   It affects your strength (+2).
   It protects you from fire.
   It makes you vulnerable to cold.
   It insulates you from electricity.
   It protects you from negative energy.
   It lets you turn invisible.
 W - an uncursed ring of resist corrosion
 Z - the ring "Etustrys" {Ice +Blink Str+6 Int+3 Dex-2}
   (You found it in the Dungeon)

   [ring of ice]

   It enhances your ice magic.
   It affects your strength (+6).
   It affects your intelligence (+3).
   It affects your dexterity (-2).
   It makes you vulnerable to fire.
   It protects you from cold.
   It lets you blink.
Wands
 n - a wand of digging (9)
 p - a wand of acid (9)
 A - a wand of scattershot (4)
 S - a wand of iceblast (11)
 V - a wand of enslavement (11)
Scrolls
 j - 2 scrolls of blinking
 o - 2 scrolls of torment
 r - 2 scrolls of fog
 B - a scroll of silence
Potions
 a - 7 potions of curing
 h - 2 potions of magic
 k - 4 potions of might
 q - 6 potions of heal wounds
 s - a potion of flight
 x - a potion of brilliance
 z - 2 potions of lignification
 C - 7 potions of haste
 N - 3 potions of resistance
 O - 4 potions of agility
 T - a potion of ambrosia
Books
 J - a book of Transfigurations

   Spells                             Type                      Level
   a - Irradiate                      Conjuration/Transmutation    5
   b - Statue Form                    Transmutation/Earth          6
   c - Hydra Form                     Transmutation                6
   d - Dragon Form                    Transmutation                7
Miscellaneous
 l - a lightning rod (4/4)
 y - 3 sacks of spiders
 K - a lamp of fire
 X - a phial of floods
Comestibles
 d - 9 rations


   Skills:
 + Level 23.2 Fighting
 + Level 17.8 Armour
 + Level 19.0 Dodging
 - Level 1.0 Stealth
 - Level 16.2 Shields
 O Level 27 Unarmed Combat
 - Level 20.2 Spellcasting
 - Level 4.3 Conjurations
 - Level 6.3 Hexes
 - Level 14.6 Charms
 - Level 0.6 Summonings
 - Level 2.6 Translocations
 - Level 12.2 Transmutations
 - Level 3.3 Fire Magic
 - Level 3.0 Air Magic
 - Level 14.2 Earth Magic
 - Level 3.4 Poison Magic
 - Level 19.6 Evocations


You had 6 spell levels left.
You knew the following spells:

 Your Spells              Type           Power        Failure   Level  Hunger
a - Magic Dart            Conj           ####         1%          1    None
b - Blink                 Tloc           N/A          1%          2    None
c - Conjure Flame         Conj/Fire      #####...     1%          3    None
d - Confusing Touch       Hex            #####.       1%          1    None
e - Mephitic Cloud        Conj/Pois/Air  #####...     1%          3    None
f - Shroud of Golubria    Chrm/Tloc      ######....   1%          2    None
g - Apportation           Tloc           ####..       1%          1    None
i - Silence               Hex/Air        #####.....   4%          5    None
j - Portal Projectile     Hex/Tloc       #####.       1%          3    None
k - Blade Hands           Tmut           ######....   1%          5    None
n - Ignite Poison         Fire/Tmut/Pois #####...     1%          3    None
o - Ring of Flames        Chrm/Fire      ######....   24%         7    #####..
q - Leda's Liquefaction   Hex/Erth       ######....   1%          4    None
r - Deflect Missiles      Chrm/Air       ######....   4%          6    ####...
u - Statue Form           Tmut/Erth      ######...    1%          6    ####...
z - Summon Butterflies    Summ           ###.....     1%          1    None


Dungeon Overview and Level Annotations

Branches:
Dungeon (1/1)

Altars:
Cheibriados
Dithmenos
Elyvilon
Fedhas
Gozag
Hepliaklqana
Kikubaaqudgha
Makhleb
Nemelex Xobeh
Okawaru
Qazlal
Ru
Sif Muna
Trog
Uskayaw
Vehumet
Wu Jian
Xom
Yredelemnul
Zin
The Shining One
Beogh
Jiyva
Lugonu

Shops:
D (%:[*:?:}[}*![[%![***[?=[![[[[!(=[}:!


Innate Abilities, Weirdness & Mutations

You are too large for most types of armour.
You have claws for hands.
Your metabolism is lightning-fast.
You like to eat raw meat.
Your natural rate of healing is unusually fast.
You are covered in thick fur. (AC +2)
You have very tough skin. (AC +2)
Scrolls take you a little longer to read.
Your mind is acute. (Int +2)
Your magical capacity is very low. (-20% MP)
You passively map a small area around you.
You are robust. (+10% HP)
Your muscles are strong. (Str +2)
You evolve.
You expend magic power (3 MP) to strengthen your wands.


Message History

You block the chaos spawn's attack.
You barely miss the chaos spawn.
Your transformation is almost over.
You block the chaos spawn's attack.
You barely miss the chaos spawn. You block the chaos spawn's attack.
You eviscerate the chaos spawn!!!!
You kill the chaos spawn!
The chaos spawn degenerates into a cloud of primal chaos!
You hear a distant "Zot"!
You revert to your normal fleshy form.
The quicksilver dragon scales of the Thoughtful Wishes {rElec MR+} unmelds from your body.
A hellwing comes into view.
Casting: Statue Form
Confirm with . or Enter, or press ? or * to list all spells.
A profound silence engulfs you.
There is an open door here.
There is an open door here.
There is an open door here.
There is a staircase leading out of the dungeon here.
You have escaped!

▓▓▓▓▓▓▓▓▓▓▓▓▓ ▓▓
▓@.#..'.....♣ ♣.
▓..#..#....♣♣ ♣♣.
▓#'####....♣♣ ♣..
▓.....#....≈♣♣♣♣♣.
▓.....#...≈≈.♣♣...
▓.....#..≈≈≈≈.♣...
▓####'#..≈≈≈≈≈≈♣♣.
▓(.[..#.≈≈≈≈≈≈....
▓.....#.≈≈≈≈≈.....


There were no monsters in sight!

Vanquished Creatures
  Antaeus (D)
  the Royal Jelly (D)
  the Serpent of Hell (D)
  Gloorx Vloq (D)
  Dispater (D)
  An orb of fire (D)
  Tiamat (D)
  An ancient lich (D)
  Mennas (D)
  Mara (D)
  5 greater mummies (D)
  Sojobo (D)
  Boris (D)
  Geryon (D)
  A Killer Klown (D)
  4 pandemonium lords (D)
  A golden dragon (D)
  Nikola (D)
  A Brimstone Fiend (D)
  An iron giant (D)
  An electric golem (D)
  Nellie (D)
  5 Ice Fiends (D)
  2 liches (D)
  5 Hell Sentinels (D)
  Rupert (D)
  3 Orb Guardians (D)
  3 titans (D)
  A deep elf blademaster (D)
  An Executioner (D)
  Murray (D)
  3 acid blobs (D)
  Gastronok (D)
  An ancient champion (D)
  2 sphinxes (D)
  Harold (D)
  2 shadow dragons (D)
  A kraken (D)
  Chuck (D)
  A storm dragon (D)
  A nagaraja (D)
  3 ghost moths (D)
  Roxanne (D)
  8 azure jellies (D)
  3 fire giants (D)
  2 frost giants (D)
  A draconian shifter (D)
  A cacodemon (D)
  An iron dragon (D)
  2 draconian knights (D)
  3 draconian stormcallers (D)
  4 war gargoyles (D)
  2 stone giants (D)
  Nessos (D)
  2 vampire knights (D)
  Azrael (D)
  A yellow draconian (D)
  3 deep elf demonologists (D)
  A deep elf annihilator (D)
  A blizzard demon (D)
  A spark wasp (shapeshifter) (D)
  2 dire elephants (D)
  A fire dragon (D)
  8 mummy priests (D)
  2 deep elf high priests (D)
  6 death oozes (D)
  3 yaktaur captains (D)
  Erolcha (D)
  18 vault guards (D)
  2 hell beasts (D)
  An alligator snapping turtle (D)
  2 hydras (D)
  A naga warrior (D)
  2 centaur warriors (D)
  4 death yaks (D)
  An anaconda (D)
  2 iron elementals (D)
  An ogre mage (D)
  Urug (D)
  A titan zombie (D)
  2 deep elf knights (D)
  6 sun demons (D)
  2 iron golems (D)
  5 soul eaters (D)
  A golden dragon zombie (D)
  4 hell knights (D)
  A shadow wraith (D)
  A spriggan druid (D)
  A sixfirhy (D)
  A death drake (shapeshifter) (D)
  A deep troll (shapeshifter) (D)
  3 kraken simulacra (D)
  A death drake (D)
  6 skeletal warriors (D)
  2 spectral iron dragons (D)
  A glowing orange brain (D)
  2 obsidian statues (D)
  Joseph (D)
  A lindwurm (D)
  An orange crystal statue (D)
  5 deep elf magi (D)
  A lindwurm (shapeshifter) (D)
  5 shining eyes (D)
  7 statues (D)
  A mana viper (shapeshifter) (D)
  4 crystal guardians (D)
  6 ugly things (D)
  An orc sorcerer (D)
  2 oklob plants (D)
  A moth of wrath (D)
  2 elephants (D)
  3 rust devils (D)
  A guardian serpent (D)
  A black mamba (shapeshifter) (D)
  An iron troll simulacrum (D)
  2 stone giant skeletons (D)
  2 orange demons (D)
  8 black mambas (D)
  A molten gargoyle (D)
  3 smoke demons (D)
  2 spiny frogs (D)
  A rime drake (D)
  6 yaktaurs (D)
  A komodo dragon (D)
  25 guardian mummies (D)
  3 wandering mushrooms (D)
  3 ice devils (D)
  A queen bee (D)
  4 spriggan defenders (D)
  3 hornets (D)
  A merfolk (shapeshifter) (D)
  5 slime creatures (D)
  2 tyrant leeches (D)
  2 orc high priests (D)
  8 blink frogs (D)
  5 snapping turtles (D)
  2 spriggans (D)
  9 shadows (D)
  5 redbacks (D)
  A neqoxec (D)
  A golden eye (D)
  A chaos spawn (D)
  2 nagas (D)
  A spatial vortex (D)
  4 floating eyes (D)
  3 hydra simulacra (D)
  3 water moccasins (D)
  2 orc warriors (D)
  A swamp drake (D)
  A necrophage (D)
  A fire dragon simulacrum (D)
  5 two-headed ogres (D)
  A small abomination (D)
  A water elemental (D)
  A scorpion (D)
  32 killer bees (D)
  3 electric eels (D)
  8 quasits (D)
  A jelly (D)
  5 orc priests (D)
  A wizard (D)
  2 orc wizards (D)
  Jessica (D)
  2 necromancers (D)
  A polar bear simulacrum (D)
  A kobold demonologist (D)
  3 humans (D)
  2 adders (D)
  2 oozes (D)
  10 orcs (D)
  A rat (D)
  9 ballistomycetes (D)
  A bush (D)
  7 plants (D)
  5 tentacles (D)
480 creatures vanquished.

Vanquished Creatures (others)
  A deep elf master archer (D)
  2 draconian scorchers (D)
  A stone giant (D)
  4 dancing weapons (D)
  A sixfirhy (D)
  2 statues (D)
  7 hellions (D)
  8 yaktaurs (D)
  A red devil (D)
  2 guardian mummies (D)
  A small abomination (D)
  An electric eel (D)
  2 ball lightnings (D)
  A ballistomycete (D)
  7 ballistomycete spores (D)
  15 plants (D)
  11 tentacles (D)
67 creatures vanquished.

Grand Total: 547 creatures vanquished

Notes
Turn   | Place    | Note
-------+----------+-------------------------------------------
     0 | D        | letownia2 the Troll Wizard began the quest for the Orb.
     0 | D        | Reached XP level 1. HP: 16/16 MP: 2/2
     6 | D        | Reached skill level 1 in Fighting
     6 | D        | Reached skill level 2 in Unarmed Combat
    10 | D        | Reached skill level 3 in Unarmed Combat
    10 | D        | Reached XP level 2. HP: 26/28 MP: 4/4
    18 | D        | Noticed Jessica
    22 | D        | Killed Jessica
    22 | D        | Reached skill level 5 in Unarmed Combat
    22 | D        | Reached XP level 3. HP: 31/35 MP: 5/5
    31 | D        | Learned a level 3 spell: Mephitic Cloud
    35 | D        | Learned a level 3 spell: Conjure Flame
    49 | D        | Noticed a scorpion
    73 | D        | Killed a scorpion
    73 | D        | Reached skill level 1 in Fire Magic
    73 | D        | Reached skill level 1 in Air Magic
    73 | D        | Reached skill level 1 in Poison Magic
    73 | D        | Reached XP level 4. HP: 42/42 MP: 2/6
   119 | D        | Killed a yaktaur
   153 | D        | Noticed a water elemental
   155 | D        | Killed a white draconian scorcher
   156 | D        | Killed a water elemental
   156 | D        | Reached skill level 7 in Unarmed Combat
   156 | D        | Reached XP level 5. HP: 47/49 MP: 3/7
   163 | D        | Killed a hellion
   163 | D        | Killed a hellion
   164 | D        | Killed a hellion
   164 | D        | Killed a hellion
   185 | D        | Found a glowing silver altar of Zin.
   185 | D        | Found a glowing golden altar of the Shining One.
   185 | D        | Found a white marble altar of Elyvilon.
   187 | D        | Noticed a deep elf mage
   195 | D        | Killed a deep elf mage
   195 | D        | Reached skill level 10 in Unarmed Combat
   195 | D        | Reached XP level 6. HP: 71/71 MP: 4/8
   195 | D        | Reached XP level 7. HP: 78/78 MP: 4/9
   205 | D        | Learned a level 2 spell: Blink
   206 | D        | Found a hide-covered altar of Uskayaw.
   206 | D        | Found a roughly hewn altar of Beogh.
   206 | D        | Found an iron altar of Okawaru.
   206 | D        | Found a bloodstained altar of Trog.
   206 | D        | Found an ornate altar of the Wu Jian Council.
   206 | D        | Noticed a human
   206 | D        | Noticed a human
   206 | D        | Killed a white draconian scorcher
   218 | D        | Killed a human
   218 | D        | Reached skill level 1 in Translocations
   220 | D        | Killed a human
   238 | D        | Noticed a shadow
   240 | D        | Killed a shadow
   250 | D        | Found a blossoming altar of Fedhas.
   250 | D        | Found a stormy altar of Qazlal.
   251 | D        | Found a snail-covered altar of Cheibriados.
   251 | D        | Found a burning altar of Makhleb.
   251 | D        | Found a hazy altar of Hepliaklqana.
   251 | D        | Found a shimmering altar of Xom.
   251 | D        | Found an opulent altar of Gozag.
   251 | D        | Found a sparkling altar of Nemelex Xobeh.
   251 | D        | Found a corrupted altar of Lugonu.
   251 | D        | Found a viscous altar of Jiyva.
   251 | D        | Noticed a spatial vortex
   256 | D        | Became a worshipper of Gozag Ym Sagoz the Greedy
   260 | D        | Killed a hellion
   267 | D        | Killed a spatial vortex
   267 | D        | Reached XP level 8. HP: 87/87 MP: 5/12
   277 | D        | Killed a hellion
   313 | D        | Reached skill level 11 in Unarmed Combat
   382 | D        | Noticed a two-headed ogre
   399 | D        | Killed a two-headed ogre
   422 | D        | Found a shadowy altar of Dithmenos.
   430 | D        | Found a basalt altar of Yredelemnul.
   430 | D        | Found a sacrificial altar of Ru.
   509 | D        | Found a radiant altar of Vehumet.
   509 | D        | Found a deep blue altar of Sif Muna.
   509 | D        | Found an ancient bone altar of Kikubaaqudgha.
   525 | D        | Learned a level 1 spell: Confusing Touch
   527 | D        | Learned a level 1 spell: Apportation
   602 | D        | Found Lapsul's Book Emporium.
   625 | D        | Noticed an orc sorcerer
   647 | D        | Killed an orc sorcerer
   647 | D        | Reached skill level 12 in Unarmed Combat
   647 | D        | Reached XP level 9. HP: 93/93 MP: 6/14
   657 | D        | Reached skill level 13 in Unarmed Combat
   843 | D        | Bought a book of the Earth for 780 gold pieces
   848 | D        | Noticed a deep elf knight
   848 | D        | Noticed a deep elf mage
   848 | D        | Noticed a deep elf mage
   848 | D        | Noticed a deep elf mage
   848 | D        | Noticed a deep elf mage
   878 | D        | Noticed a red devil
   879 | D        | Killed a deep elf mage
   879 | D        | Reached skill level 14 in Unarmed Combat
   880 | D        | Killed a deep elf mage
   916 | D        | Killed a deep elf knight
   916 | D        | Reached skill level 15 in Unarmed Combat
   921 | D        | Killed a deep elf mage
   921 | D        | Reached skill level 16 in Unarmed Combat
   921 | D        | Reached XP level 10. HP: 89/102 MP: 2/15
   931 | D        | Killed a deep elf mage
   939 | D        | Learned a level 6 spell: Statue Form
   978 | D        | Noticed Erolcha
   985 | D        | Killed Erolcha
  1222 | D        | Reached skill level 5 in Earth Magic
  1272 | D        | Noticed a spiny frog
  1272 | D        | Noticed a spiny frog
  1279 | D        | Killed a spiny frog
  1285 | D        | Killed a spiny frog
  1285 | D        | Reached skill level 5 in Transmutations
  1331 | D        | Noticed Joseph
  1333 | D        | Noticed Harold
  1348 | D        | Killed Harold
  1348 | D        | Reached XP level 11. HP: 17/109 MP: 6/16
  1398 | D        | Killed Joseph
  1926 | D        | Noticed an obsidian statue
  1932 | D        | Found Daizujil's Food Emporium.
  1932 | D        | Found Itaothra's Antique Weapon Shop.
  1932 | D        | Found Huun's Distillery.
  1932 | D        | Found Otygocw's Antique Armour Boutique.
  1932 | D        | Found Arrillaf's Distillery.
  1932 | D        | Found Beochyum's Food Shop.
  1932 | D        | Found Tohein's Book Emporium.
  1932 | D        | Found Raawunirph's Gadget Boutique.
  1933 | D        | Found Faenuh's Distillery.
  1933 | D        | Found Iceguol's Antique Armour Shoppe.
  1933 | D        | Found Doxzivan's Jewellery Shop.
  1933 | D        | Found Lied's Magic Scroll Emporium.
  1965 | D        | Noticed a crystal guardian
  1990 | D        | Killed a crystal guardian
  2038 | D        | Bought a potion of agility for 40 gold pieces
  2044 | D        | Bought a scroll of fog for 26 gold pieces
  2050 | D        | Bought a potion of brilliance for 40 gold pieces
  2050 | D        | Bought a potion of lignification for 30 gold pieces
  2050 | D        | Bought a potion of lignification for 30 gold pieces
  2050 | D        | Bought a potion of lignification for 30 gold pieces
  2051 | D        | Bought a potion of degeneration for 10 gold pieces
  2071 | D        | Bought a runed shield for 165 gold pieces
  2167 | D        | Killed an obsidian statue
  2167 | D        | Reached skill level 5 in Spellcasting
  2219 | D        | Noticed a centaur warrior
  2227 | D        | Killed a centaur warrior
  2227 | D        | Reached skill level 10 in Earth Magic
  2305 | D        | Noticed a fire dragon
  2312 | D        | Killed a fire dragon
  2336 | D        | Noticed a morningstar of holy wrath
  2337 | D        | Noticed a hand axe of flaming
  2337 | D        | Killed a morningstar of holy wrath
  2339 | D        | Killed a hand axe of flaming
  2340 | D        | Noticed a hand axe of electrocution
  2341 | D        | Killed a hand axe of electrocution
  2342 | D        | Noticed a flail of crushing
  2345 | D        | Killed a flail of crushing
  2483 | D        | Reached skill level 10 in Transmutations
  2493 | D        | Reached XP level 12. HP: 109/118 MP: 16/21
  2745 | D        | Noticed Urug
  2749 | D        | Killed Urug
  3026 | D        | Noticed Rupert
  3035 | D        | Killed Rupert
  3043 | D        | Noticed an azure jelly
  3043 | D        | Noticed an azure jelly
  3043 | D        | Noticed an azure jelly
  3043 | D        | Noticed an azure jelly
  3044 | D        | Noticed a dire elephant
  3044 | D        | Noticed a dire elephant
  3044 | D        | Noticed Gastronok
  3052 | D        | Killed a dire elephant
  3057 | D        | Killed a dire elephant
  3067 | D        | Killed Gastronok
  3160 | D        | Noticed a death yak
  3160 | D        | Noticed a death yak
  3170 | D        | Noticed a death yak
  3170 | D        | Killed a death yak
  3170 | D        | Reached skill level 5 in Shields
  3174 | D        | Noticed a death yak
  3175 | D        | Killed a death yak
  3180 | D        | Killed a death yak
  3186 | D        | Killed a death yak
  3186 | D        | Reached XP level 13. HP: 124/124 MP: 11/25
  3483 | D        | Noticed a nagaraja
  3494 | D        | Killed a nagaraja
  3499 | D        | Reached skill level 10 in Shields
  3516 | D        | Found Lathron's Antique Weapon Boutique.
  3516 | D        | Found Houskiuz's Food Emporium.
  3520 | D        | Found Ninneur's Book Shop.
  3543 | D        | Got a serpentine rune of Zot
  3612 | D        | Killed an azure jelly
  3612 | D        | Reached skill level 10 in Spellcasting
  3614 | D        | Killed an azure jelly
  3616 | D        | Killed an azure jelly
  3619 | D        | Killed an azure jelly
  3803 | D        | Noticed an acid blob
  3811 | D        | Killed an acid blob
  3811 | D        | Reached skill level 17 in Unarmed Combat
  3819 | D        | Gained mutation: Scrolls take you a little longer to read. [a shining eye]
  3932 | D        | Found a blossoming altar of Fedhas.
  3970 | D        | Identified Sif Muna's Incunabulum of Snow and Talismans
  3974 | D        | Got a scintillating copper ring
  3980 | D        | Identified the ring "Olummena" {EV+1 Int+4} (You found it in the Dungeon)
  4043 | D        | Reached skill level 18 in Unarmed Combat
  4052 | D        | Noticed a kraken
  4060 | D        | Killed a kraken
  4060 | D        | Reached skill level 10 in Fighting
  4060 | D        | Reached XP level 14. HP: 143/143 MP: 20/28
  4249 | D        | Noticed Azrael
  4251 | D        | Killed Azrael
  4368 | D        | Reached skill level 19 in Unarmed Combat
  4407 | D        | Noticed Mara
  4408 | D        | Noticed letownia2's illusion
  4408 | D        | Noticed a vampire knight
  4408 | D        | Noticed a vampire knight
  4434 | D        | Killed a vampire knight
  4450 | D        | Killed Mara
  4450 | D        | Reached skill level 20 in Unarmed Combat
  4473 | D        | Killed a vampire knight
  4497 | D        | Bought a scroll labeled HUXZYE FOFFE for 24 gold pieces
  4501 | D        | Bought a potion of resistance for 140 gold pieces
  4501 | D        | Bought a potion of agility for 56 gold pieces
  4517 | D        | Bought a potion of heal wounds for 50 gold pieces
  4517 | D        | Bought a potion of heal wounds for 50 gold pieces
  4517 | D        | Bought a potion of might for 40 gold pieces
  4520 | D        | Bought a potion of agility for 40 gold pieces
  4520 | D        | Bought a potion of might for 40 gold pieces
  4530 | D        | Bought an opalescent robe for 125 gold pieces
  4540 | D        | Identified the +2 robe of the Ditch-Digger {rF+} (You bought it in a shop in the Dungeon)
  4581 | D        | Noticed an ancient champion
  4590 | D        | Killed an ancient champion
  4593 | D        | Got a crude great sword {flame}
  4706 | D        | Found Enuvuam's Armour Shop.
  4707 | D        | Found Pyntoum's Distillery.
  4707 | D        | Found Sorhaun's Food Shop.
  4707 | D        | Found Jousseuv's Distillery.
  4719 | D        | Bought a potion of haste for 120 gold pieces
  4719 | D        | Bought a potion of berserk rage for 60 gold pieces
  4721 | D        | Bought a potion of invisibility for 112 gold pieces
  4747 | D        | Noticed Mennas
  4763 | D        | Killed Mennas
  4763 | D        | Reached skill level 21 in Unarmed Combat
  4770 | D        | Noticed Boris
  4786 | D        | Killed Boris
  4786 | D        | Reached XP level 15. HP: 70/156 MP: 31/31
  4922 | D        | Bought a potion of haste for 170 gold pieces
  5244 | D        | Noticed Roxanne
  5253 | D        | Killed Roxanne
  5254 | D        | Identified Roxanne's Catalogue of Transmutation (You took it off Roxanne in the Dungeon)
  5268 | D        | Learned a level 2 spell: Shroud of Golubria
  5274 | D        | Learned a level 5 spell: Blade Hands
  5281 | D        | Found Qattam's Gadget Boutique.
  5362 | D        | Noticed a purple draconian knight
  5367 | D        | Noticed a yellow draconian knight
  5370 | D        | Killed a purple draconian knight
  5370 | D        | Reached skill level 22 in Unarmed Combat
  5387 | D        | Killed a yellow draconian knight
  5483 | D        | Noticed an Executioner
  5488 | D        | Killed an Executioner
  5503 | D        | Noticed Nessos
  5511 | D        | Killed Nessos
  5527 | D        | Gained mutation: You tend to lose your temper in combat. [a shining eye]
  5534 | D        | Reached skill level 23 in Unarmed Combat
  5540 | D        | Paralysed by a floating eye for 2 turns
  5552 | D        | Noticed a deep elf blademaster
  5558 | D        | Killed a deep elf blademaster
  5653 | D        | Reached skill level 15 in Shields
  5699 | D        | Bought a ration for 55 gold pieces
  5699 | D        | Bought a ration for 55 gold pieces
  5699 | D        | Bought a ration for 55 gold pieces
  5699 | D        | Bought a ration for 55 gold pieces
  5699 | D        | Bought a ration for 55 gold pieces
  5699 | D        | Bought a ration for 55 gold pieces
  5699 | D        | Bought a ration for 55 gold pieces
  5786 | D        | Noticed Chuck
  5995 | D        | Bought a glowing scarf for 152 gold pieces
  6010 | D        | Learned a level 4 spell: Leda's Liquefaction
  6083 | D        | Killed Chuck
  6092 | D        | Got a heavily runed wooden ring
  6101 | D        | Identified the ring of the Invisible Hand {Wiz Str+2 Int+2} (You found it in the Dungeon)
  6109 | D        | Noticed Sojobo
  6121 | D        | Killed Sojobo
  6121 | D        | Reached skill level 15 in Spellcasting
  6206 | D        | Noticed a lich
  6211 | D        | Killed a lich
  6211 | D        | Reached XP level 16. HP: 126/167 MP: 32/35
  6234 | D        | Noticed a sphinx
  6234 | D        | Noticed a sphinx
  6244 | D        | Killed a sphinx
  6246 | D        | Killed a sphinx
  6386 | D        | Reached skill level 24 in Unarmed Combat
  6390 | D        | Noticed a lich
  6400 | D        | Killed a lich
  6412 | D        | Noticed a shadow dragon
  6419 | D        | Noticed a shadow dragon
  6420 | D        | Killed a shadow dragon
  6423 | D        | Killed a shadow dragon
  6474 | D        | Noticed a titan
  6474 | D        | Noticed a titan
  6474 | D        | Noticed a golden dragon
  6498 | D        | Reached skill level 25 in Unarmed Combat
  6584 | D        | Killed a titan
  6584 | D        | Reached skill level 15 in Fighting
  6603 | D        | Killed a titan
  6607 | D        | Killed a golden dragon
  6616 | D        | Reached skill level 26 in Unarmed Combat
  6635 | D        | Got a scintillating copper ring
  6663 | D        | Noticed a titan
  6669 | D        | Killed a titan
  6669 | D        | Reached skill level 5 in Dodging
  6752 | D        | Got a sparkling wooden ring
  6759 | D        | Got a bloodstained flail {drain}
  6873 | D        | Identified Sif Muna's Papyrus of Quantum Snow
  6894 | D        | Got a silver rune of Zot
  6897 | D        | Learned a level 1 spell: Summon Butterflies
  6906 | D        | Learned a level 3 spell: Portal Projectile
  6908 | D        | Identified the ring of the Magpie {rPois Str+7 Slay-5 SInv} (You took it off a skeletal warrior in the Dungeon)
  6911 | D        | Identified the ring of Qepyilot {Fire +Inv rElec rN+ Str+2} (You took it off a vault guard in the Dungeon)
  7054 | D        | Bought a scroll of remove curse for 39 gold pieces
  7078 | D        | Bought the +3 hat of Pondering {ponderous, MR+ MP+10 Int+5} for 609 gold pieces
  7078 | D        | Found the +3 hat of Pondering {ponderous, MR+ MP+10 Int+5}
  7095 | D        | Bought a ration for 55 gold pieces
  7095 | D        | Bought a ration for 55 gold pieces
  7095 | D        | Bought a ration for 55 gold pieces
  7097 | D        | Bought a ration for 55 gold pieces
  7097 | D        | Bought a ration for 55 gold pieces
  7097 | D        | Bought a ration for 55 gold pieces
  7097 | D        | Bought a ration for 55 gold pieces
  7097 | D        | Bought a ration for 55 gold pieces
  7097 | D        | Bought a ration for 55 gold pieces
  7097 | D        | Bought a ration for 55 gold pieces
  7097 | D        | Bought a ration for 55 gold pieces
  7097 | D        | Bought a ration for 55 gold pieces
  7097 | D        | Bought a ration for 55 gold pieces
  7097 | D        | Bought a ration for 55 gold pieces
  7097 | D        | Bought a ration for 55 gold pieces
  7104 | D        | Bought a shimmering large shield for 323 gold pieces
  7106 | D        | Identified the cursed -4 large shield of the Skies Above {rN++ MP+9 Slay-3 Stlth+} (You bought it in a shop in the Dungeon)
  7178 | D        | Reached skill level 1 in Armour
  7310 | D        | Reached skill level 5 in Armour
  7335 | D        | Reached XP level 17. HP: 192/192 MP: 26/37
  7415 | D        | Noticed a greater mummy
  7430 | D        | Killed a greater mummy
  7430 | D        | Reached skill level 10 in Armour
  7497 | D        | Noticed a greater mummy
  7502 | D        | Killed a greater mummy
  7510 | D        | Got a golden rune of Zot
  7518 | D        | Identified the Reference Book on Earthen Confrontation
  7526 | D        | Learned a level 5 spell: Silence
  7529 | D        | Identified the cursed +3 flail of Hard Scrabble {drain, +Rage rC+ Dex+3} (You took it off a vault guard in the Dungeon)
  7662 | D        | Bought a scroll of remove curse for 51 gold pieces
  7680 | D        | Got a coiled lead ring
  7680 | D        | Got a fine ivory ring
  7682 | D        | Identified the ring of Teit {MR++ EV+4 Str-5 Stlth+} (You acquired it in the Dungeon)
  7684 | D        | Identified the ring "Ceant" {Str+3 Int+4 Dex-3 Stlth+} (You acquired it in the Dungeon)
  7755 | D        | Bought heavily runed quicksilver dragon scales for 1885 gold pieces
  7765 | D        | Identified the quicksilver dragon scales of the Thoughtful Wishes {rElec MR+} (You bought it in a shop in the Dungeon)
  7856 | D        | Noticed Geryon
  7870 | D        | Killed Geryon
  7985 | D        | Noticed the Serpent of Hell
  7992 | D        | Noticed a Brimstone Fiend
  7997 | D        | Killed the Serpent of Hell
  8001 | D        | Killed a Brimstone Fiend
  8137 | D        | Reached skill level 10 in Dodging
  8178 | D        | Got an obsidian rune of Zot
  8228 | D        | Noticed Gloorx Vloq
  8251 | D        | Noticed a greater mummy
  8252 | D        | Killed Gloorx Vloq
  8259 | D        | Killed a greater mummy
  8331 | D        | Reached skill level 27 in Unarmed Combat
  8356 | D        | Noticed a greater mummy
  8356 | D        | Noticed Murray
  8356 | D        | Noticed a greater mummy
  8361 | D        | Killed a greater mummy
  8361 | D        | Reached XP level 18. HP: 188/208 MP: 7/39
  8364 | D        | Killed Murray
  8368 | D        | Killed a greater mummy
  8378 | D        | Got a bone rune of Zot
  8379 | D        | Identified the Papyrus of the Glacier and the Compass
  8433 | D        | Noticed an iron giant
  8445 | D        | Killed an iron giant
  8501 | D        | Noticed a Hell Sentinel
  8501 | D        | Noticed a Hell Sentinel
  8501 | D        | Noticed Dispater
  8512 | D        | Killed Dispater
  8512 | D        | Reached skill level 15 in Dodging
  8513 | D        | Killed a Hell Sentinel
  8515 | D        | Killed a Hell Sentinel
  8529 | D        | Got an iron rune of Zot
  8545 | D        | Learned a level 7 spell: Ring of Flames
  8549 | D        | Learned a level 3 spell: Ignite Poison
  8620 | D        | Bought a scroll of remove curse for 72 gold pieces
  8710 | D        | Noticed a Hell Sentinel
  8713 | D        | Killed a Hell Sentinel
  8722 | D        | Found the +2 hat of the Bear Spirit {Spirit, +Rage rN+ MR++}
  8823 | D        | Noticed Antaeus
  8865 | D        | Killed Antaeus
  9122 | D        | Got an icy rune of Zot
  9126 | D        | Noticed an Ice Fiend
  9138 | D        | Killed an Ice Fiend
  9146 | D        | Noticed an Ice Fiend
  9151 | D        | Killed an Ice Fiend
  9193 | D        | Noticed an Ice Fiend
  9199 | D        | Killed an Ice Fiend
  9209 | D        | Noticed an Ice Fiend
  9215 | D        | Killed an Ice Fiend
  9266 | D        | Noticed an Ice Fiend
  9272 | D        | Killed an Ice Fiend
  9354 | D        | Reached skill level 1 in Charms
  9376 | D        | Noticed Nikola
  9394 | D        | Killed Nikola
  9558 | D        | Found Jaggudy's Antique Armour Emporium.
  9558 | D        | Found Zukleib's Magic Scroll Shop.
  9558 | D        | Found Gaevonn's Gadget Boutique.
  9568 | D        | Got a barnacled rune of Zot
  9572 | D        | Bought 2 scrolls of enchant armour for 150 gold pieces
  9665 | D        | Found a viscous altar of Jiyva.
  9665 | D        | Noticed the Royal Jelly
  9666 | D        | Paralysed by a floating eye for 2 turns
  9679 | D        | Killed the Royal Jelly
  9679 | D        | Reached XP level 19. HP: 192/228 MP: 16/42
  9691 | D        | Gained mutation: Your body sometimes deteriorates upon taking damage. [a shining eye]
  9691 | D        | Gained mutation: You expend magic power (3 MP) to strengthen your wands. [a shining eye]
  9692 | D        | Gained mutation: Scrolls take you longer to read. [a shining eye]
  9692 | D        | Gained mutation: Your spells are a little easier to cast, but a little less powerful. [a shining eye]
  9698 | D        | Gained mutation: You are weak. (Str -2) [a shining eye]
  9702 | D        | HP: 6/296 [acid (12)]
  9703 | D        | Gained mutation: You are very weak. (Str -4) [a shining eye]
  9706 | D        | Gained mutation: Your spells are easier to cast, but less powerful. [a shining eye]
  9709 | D        | HP: 12/296 [acid (5)]
  9712 | D        | Gained mutation: You evolve. [a shining eye]
  9715 | D        | HP: 11/296 [acid (7)]
  9717 | D        | HP: 2/296 [acid (6)]
  9743 | D        | Lost mutation: Scrolls take you longer to read. [potion of mutation]
  9743 | D        | Lost mutation: Your body sometimes deteriorates upon taking damage. [potion of mutation]
  9743 | D        | Gained mutation: You are dopey. (Int -2) [potion of mutation]
  9743 | D        | Gained mutation: You are resistant to hostile enchantments. (MR+) [potion of mutation]
  9744 | D        | Lost mutation: You are very weak. (Str -4) [potion of mutation]
  9744 | D        | Lost mutation: You are resistant to hostile enchantments. (MR+) [potion of mutation]
  9744 | D        | Gained mutation: You are agile. (Dex +2) [potion of mutation]
  9745 | D        | Lost mutation: You are agile. (Dex +2) [potion of mutation]
  9745 | D        | Lost mutation: You are dopey. (Int -2) [potion of mutation]
  9745 | D        | Lost mutation: Scrolls take you a little longer to read. [potion of mutation]
  9745 | D        | Lost mutation: Your spells are easier to cast, but less powerful. [potion of mutation]
  9746 | D        | Lost mutation: Your spells are a little easier to cast, but a little less powerful. [potion of mutation]
  9746 | D        | Lost mutation: You tend to lose your temper in combat. [potion of mutation]
  9746 | D        | Lost mutation: You are weak. (Str -2) [potion of mutation]
  9746 | D        | Gained mutation: You possess an exceptional clarity of mind. [potion of mutation]
  9746 | D        | Gained mutation: You passively map a small area around you. [potion of mutation]
  9746 | D        | Gained mutation: You are robust. (+10% HP) [potion of mutation]
  9747 | D        | Lost mutation: You expend magic power (3 MP) to strengthen your wands. [potion of mutation]
  9747 | D        | Lost mutation: You are robust. (+10% HP) [potion of mutation]
  9747 | D        | Gained mutation: You are robust. (+10% HP) [potion of mutation]
  9747 | D        | Gained mutation: You are covered in thick fur. (AC +2) [potion of mutation]
  9747 | D        | Gained mutation: You are very robust. (+20% HP) [potion of mutation]
  9748 | D        | Lost mutation: You are very robust. (+20% HP) [potion of mutation]
  9748 | D        | Gained mutation: Your muscles are strong. (Str +2) [potion of mutation]
  9748 | D        | Lost mutation: You possess an exceptional clarity of mind. [potion of mutation]
  9748 | D        | Gained mutation: Your mind is acute. (Int +2) [potion of mutation]
  9919 | D        | Bought a wand of digging (8) for 312 gold pieces
 10002 | D        | Got a slimy rune of Zot
 10139 | D        | Gained mutation: Your magical capacity is low. (-10% MP) [a neqoxec]
 10140 | D        | Noticed a Tzitzimitl
 10160 | D        | Identified the Guide on Burning Companions
 10182 | D        | Got a scintillating amethyst amulet
 10182 | D        | Got a slimy lapis lazuli ring
 10185 | D        | Identified the amulet "Biut" {Reflect +Fly rElec SH+3 Stlth+} (You found it in the Dungeon)
 10187 | D        | Identified the ring "Dirreis" {rN+ MR+ SInv} (You found it in the Dungeon)
 10201 | D        | Got a twitching turquoise ring
 10201 | D        | Got a vibrating bone ring
 10204 | D        | Identified the ring "Mac Gub" {rC+ Stlth-} (You found it in the Dungeon)
 10205 | D        | Identified the ring "Etustrys" {Ice +Blink Str+6 Int+3 Dex-2} (You found it in the Dungeon)
 10214 | D        | Learned a level 6 spell: Deflect Missiles
 10381 | D        | Noticed Nellie
 10394 | D        | Killed Nellie
 10402 | D        | Got a demonic rune of Zot
 10494 | D        | Bought a scroll labeled BUALIRYOPS for 23 gold pieces
 10494 | D        | Bought a potion of haste for 230 gold pieces
 10529 | D        | Noticed a Killer Klown
 10543 | D        | Killed a Killer Klown
 10597 | D        | Noticed an ancient lich
 10600 | D        | Killed an ancient lich
 10600 | D        | Reached skill level 5 in Hexes
 10610 | D        | Noticed an electric golem
 10615 | D        | Killed an electric golem
 10645 | D        | Noticed Tiamat
 10653 | D        | Killed Tiamat
 10707 | D        | Noticed an orb of fire
 10709 | D        | Gained mutation: Your magical capacity is very low. (-20% MP) [an orb of fire]
 10719 | D        | Killed an orb of fire
 10728 | D        | Paralysed by a floating eye for 3 turns
 10742 | D        | Got the Orb of Zot
 10751 | D        | Noticed Roodiun the pandemonium lord
 10762 | D        | Killed Roodiun the pandemonium lord
 10814 | D        | Noticed Rilul the pandemonium lord
 10817 | D        | Reached skill level 15 in Evocations
 10822 | D        | Killed Rilul the pandemonium lord
 10840 | D        | Noticed Zevo the pandemonium lord
 10848 | D        | Killed Zevo the pandemonium lord
 10848 | D        | Reached XP level 20. HP: 132/265 MP: 15/34
 10898 | D        | Noticed Fiuraor the pandemonium lord
 10908 | D        | Killed Fiuraor the pandemonium lord
 10918 | D        | Gained mutation: You expend magic power (3 MP) to strengthen your wands. [a neqoxec]
 10918 | D        | Gained mutation: Scrolls take you a little longer to read. [a neqoxec]
 11045 | D        | Escaped with the Orb!

Skill      XL: |  1  2  3  4  5  6  7  8  9 10 11 12 13 14 15 16 17 18 19 20 |
---------------+-------------------------------------------------------------+-----
Fighting       | 1 7 10 11 12 18 19 22 23 | 23.2
Unarmed Combat | 3 5 7 10 12 16 18 21 23 26 27 | 27.0
Conjurations   | 2 3 4 |  4.3
Fire Magic     | 1 2 3 |  3.3
Air Magic      | 1 2 3 |  3.0
Poison Magic   | 1 2 3 |  3.4
Dodging        | 3 4 9 13 18 19 | 19.0
Translocations | 2 |  2.6
Spellcasting   | 3 4 7 9 11 13 16 17 18 20 | 20.2
Hexes          | 2 6 |  6.3
Transmutations | 6 10 12 | 12.2
Earth Magic    | 8 11 13 14 | 14.2
Shields        | 5 10 12 15 16 | 16.2
Armour         | 6 17 | 17.8
Charms         | 11 14 | 14.6
Evocations     | 17 19 | 19.6
Stealth        | |  1.0
Summonings     | |  0.6

Action                   |  1- 3 |  4- 6 |  7- 9 | 10-12 | 13-15 | 16-18 | 19-21 || total
-------------------------+-------+-------+-------+-------+-------+-------+-------++-------
Melee: Unarmed           |    15 |    25 |   111 |   300 |   412 |   496 |   169 ||  1528
       Punch             |       |       |     5 |    15 |       |       |       ||    20
Throw: Throwing net      |       |       |       |     8 |       |       |       ||     8
 Cast: Mephitic Cloud    |     1 |     2 |     9 |    18 |     8 |       |     1 ||    39
       Conjure Flame     |       |     1 |     8 |    21 |    13 |     1 |       ||    44
       Blink             |       |       |       |     7 |     9 |    10 |    28 ||    54
       Statue Form       |       |       |       |     5 |    31 |    25 |    10 ||    71
       Deflect Missiles  |       |       |       |       |       |       |     1 ||     1
       Silence           |       |       |       |       |       |       |     1 ||     1
Invok: Call Merchant     |       |       |     1 |     3 |     7 |     3 |     1 ||    15
       Potion Petition   |       |       |       |       |     3 |     4 |     1 ||     8
 Abil: Evoke Flight      |       |       |       |       |     7 |     4 |       ||    11
       End Transformatio |       |       |       |       |     3 |       |       ||     3
       Evoke Berserk Rag |       |       |       |       |       |     1 |       ||     1
Evoke: Lightning rod     |       |       |       |       |     4 |       |       ||     4
       Wand              |       |       |       |       |       |       |     4 ||     4
       Lamp of fire      |       |       |       |       |       |       |     1 ||     1
  Use: Potion            |       |       |     1 |     7 |     2 |     5 |    16 ||    31
       Scroll            |       |       |       |     5 |     9 |    19 |     6 ||    39
 Stab: Confused          |       |     3 |     4 |     4 |     2 |       |       ||    13
       Distracted        |       |       |     1 |       |     3 |     4 |       ||     8
       Held in net/web   |       |       |       |     1 |       |       |       ||     1
       Sleeping          |       |       |       |     1 |       |     3 |       ||     4
       Invisible         |       |       |       |       |       |     2 |       ||     2
  Eat: Chunk             |     3 |       |     3 |       |       |       |       ||     6
       Ration            |       |       |       |     8 |    14 |    12 |     5 ||    39
Armor: Robe              |     4 |       |     7 |    16 |     3 |     1 |       ||    31
       Skin              |       |       |       |    87 |   177 |   158 |    53 ||   475
       Ice dragon scales |       |       |       |       |       |     4 |       ||     4
Dodge: Dodged            |     5 |     4 |    26 |   172 |   124 |   191 |    71 ||   593
       Deflected         |       |       |       |       |       |     1 |     3 ||     4
Block: Shield            |       |       |       |       |   160 |       |       ||   160
       Large shield      |       |       |       |       |    88 |   410 |   221 ||   719
       Reflection        |       |       |       |       |       |     8 |     6 ||    14
